woodfighter, neutral female human Wizard --- ---- --<---|..----.. |..[.--....|...| --....%..)%%...| --- |.......%.....---.-- ---...---..........----|..- ....- --.............--.... ..- |.-.....^----........- |........| ---......| |..|.....| ---....- ---.....-#- %.. --- |......%.| -... --.--|-.......| |@)- |...--.......-- ----%h| |......*.....------..... --................*.^(.. ---..|..----------.|.. ------- - - woodfighter the Thaumaturge Experience level: 6 Strength: 8 Dexterity: 10 Constitution: 14 Intelligence: 15 Wisdom: 17 Charisma: 12 Health: 0(34) Energy: 72(72) Def: 1 Gold: 328 Moves: 1750 Dungeon seed: PXp-kDzqU6pDnNwa Game ID: woodfighter_1448022140 Your Inventory: Coins $ - 328 gold pieces Weapons a - a blessed +1 quarterstaff (weapon in hands) Armor e - an uncursed +0 cloak of magic resistance (being worn) m - a cursed -4 dwarvish cloak n - an uncursed +0 helmet w - an uncursed +1 dwarvish cloak E - an uncursed +0 dwarvish cloak K - an uncursed +0 dwarvish cloak M - an uncursed +0 dwarvish cloak N - a cursed -2 dwarvish cloak Y - a cursed -1 helm of opposite alignment Comestibles l - 2 uncursed food rations o - 2 uncursed cloves of garlic Scrolls f - an uncursed scroll of identify k - a blessed scroll of identify Spellbooks b - a blessed spellbook of force bolt c - an uncursed spellbook of knock Potions i - an uncursed potion of sleeping v - an uncursed potion of healing Wands d - a wand of nothing (0:7) C - a wand of light (0:13) J - a blessed wand of magic missile (0:3) Tools t - an uncursed lock pick u - a cursed partly used tallow candle (0:137) x - an uncursed stethoscope D - 3 uncursed tallow candles (0:200) H - a cursed wax candle (0:400) I - 7 uncursed wax candles (0:400) O - a +0 pick-axe Gems q - 2 uncursed worthless pieces of yellowish brown glass r - an uncursed worthless piece of white glass s - an uncursed sapphire y - an uncursed worthless piece of yellow glass z - an uncursed worthless piece of blue glass F - an uncursed worthless piece of violet glass L - 2 uncursed jasper stones Spells and supernatural/magical abilities: Name Level Category Fail Memory a - force bolt 1 attack 0% 92% k - knock 1 matter 0% 92% W - pray for help -- divine ? -- Your skills at the end: Miscellaneous Skills wands [Basic] Weapon Skills quarterstaff [Basic] Spellcasting Skills attack spells [Basic] enchantment spells [Basic] Final Attributes: You were devoutly aligned. You were magic-protected. You are dead. Vanquished creatures: a gnome king 2 gnome lords a gnomish wizard a kitten 8 dwarves an iguana 3 dwarf zombies a coyote a gas spore a large kobold a gecko a giant rat 21 gnomes a jackal a kobold a newt 4 goblins 2 sewer rats 2 grid bugs 5 lichens a kobold zombie 60 creatures vanquished. Voluntary challenges: You did not adorn yourself with jewelry or accessories. You were an atheist. You used a wielded weapon 58 times, starting on turn 2. You did not use containers. You did not apply a unicorn horn. You read items or engraved 2 times, starting on turn 1529. You never genocided any monsters. You never polymorphed an object. You never changed form. You used no wishes. You never split a pudding. You never wrote Elbereth's name. You never violated your personal moral code. Dungeon overview: The Dungeons of Doom: levels 1 to 4 Level 1 (vault) a fountain a long staircase Level 2 a fountain Level 3 stairs to The Gnomish Mines Level 4 The Gnomish Mines: levels 4 to 6 Level 4 stairs to The Dungeons of Doom Level 5 Level 6 <- You were here History has recorded: On T:1 you entered the Dungeons of Doom to retrieve the Amulet of Yendor! On T:169 you reached level 2 of The Dungeons of Doom. On T:211 you reached level 3 of The Dungeons of Doom. On T:222 you advanced to experience level 2. On T:456 you advanced to experience level 3. On T:610 you reached level 4 of The Dungeons of Doom. On T:690 you reached level 1 of The Gnomish Mines. On T:875 you advanced to experience level 4. On T:980 you advanced to experience level 5. On T:993 you reached level 2 of The Gnomish Mines. On T:1160 you reached level 3 of The Gnomish Mines. On T:1667 you advanced to experience level 6. Score breakdown: Gold: 328 ( 32 points) Experience: 6 levels ( 500 points) Exploration: 6 levels ( 150 points) Discoveries: 1 item ( 50 points) Variety of kills: 21 monsters ( 1050 points) Major goal: (nothing yet) ( 0 points) Survival: died (score multiplied by 3) Total score: 5346 Latest messages: You kill the dwarf! The dwarf lord wields a stout spear! The dwarf lord thrusts one of his stout spears. The dwarf lord jabs you! You die... Final status: Goodbye woodfighter the Wizard, killed by a dwarf lord... You died in The Gnomish Mines on dungeon level 6 with 5346 points, and 328 pieces of gold, after 1750 moves. You were level 6 with a maximum of 34 hit points when you died.